 Dungeon Crawl Stone Soup version 0.19.1 (webtiles) character file.

443 Eliminator the Skirmisher (level 6, -5/58 HPs)
             Began as a Minotaur Berserker on Dec 1, 2016.
             Was a Priest of Trog.
             Slain by an iguana (12 damage)
             ... on level 4 of the Dungeon.
             The game lasted 00:17:41 (2848 turns).

Eliminator the Skirmisher (Minotaur Berserker)      Turns: 2848, Time: 00:17:42

Health: -5/58      AC:  5    Str: 22    XL:     6   Next: 71%
Magic:  5/5        EV: 11    Int:  4    God:    Trog [***...]
Gold:   147        SH:  0    Dex: 11    Spells: 0 memorised, 5 levels left

rFire  + . .     SeeInvis .     a - +0 hand axe
rCold  . . .     Gourm    .     m - +0 ring mail {rF+}
rNeg   . . .     Faith    .     (no shield)
rPois  +         Spirit   .     (helmet restricted)
rElec  .         Reflect  .     (no cloak)
rCorr  .         Harm     .     (no gloves)
MR     .....                    (no boots)
Stlth  +.........               (no amulet)
                                (no ring)
                                p - ring of poison resistance

@: no status effects
A: retaliatory headbutt, horns 2
a: Berserk, Trog's Hand, Burn Spellbooks, Renounce Religion


You were on level 4 of the Dungeon.
You worshipped Trog.
Trog was most pleased with you.
You were not hungry.

You visited 1 branch of the dungeon, and saw 4 of its levels.

You collected 147 gold pieces.

Inventory:

Hand Weapons
 a - a +0 hand axe (weapon)
Missiles
 e - 81 stones (quivered)
Armour
 m - a +0 ring mail of fire resistance (worn)
Jewellery
 p - a ring of poison resistance (left hand)
Scrolls
 d - a scroll of random uselessness {unknown}
 g - 2 scrolls of identify {unknown}
 h - a scroll of recharging {unknown}
 j - 2 scrolls of magic mapping {unknown}
 l - 2 scrolls of noise {unknown}
 q - a scroll of teleportation {unknown}
Potions
 b - a potion of resistance {unknown}
 f - 2 potions of heal wounds {unknown}
 k - a potion of cure mutation {unknown}
 o - 3 potions of agility {unknown}
 t - a potion of degeneration {unknown}
Comestibles
 c - 3 bread rations
 i - a royal jelly
 n - a beef jerky
 r - 2 slices of pizza
 s - 10 chunks of flesh


   Skills:
 * Level 6.4 Fighting
 + Level 6.4 Axes
 + Level 2.0 Throwing
 + Level 3.2 Armour
 - Level 2.3 Dodging


You had 5 spell levels left.
You didn't know any spells.

Dungeon Overview and Level Annotations

Branches:
Dungeon (4/15)
 Temple: D:4-7

Altars:
Ashenzari
Trog
Xom
The Shining One


Innate Abilities, Weirdness & Mutations

You reflexively headbutt those who attack you in melee.
You have a pair of horns on your head.


Message History

You closely miss the iguana.
The iguana is moderately wounded.
The iguana bites you.
You closely miss the iguana.
The iguana is moderately wounded.
The iguana bites you.
You barely miss the iguana. Your headbutt misses the iguana.
The iguana is moderately wounded.
The iguana bites you but does no damage.
You hit the iguana but do no damage.
The iguana is moderately wounded.
The iguana bites you!
* * * LOW HITPOINT WARNING * * *
You are too injured to fight recklessly!
The iguana bites you.
* * * LOW HITPOINT WARNING * * *
You hit the iguana.
The iguana is heavily wounded.
The iguana bites you!
You die...

.............(..............##..#
....##...........##.........##..#
..........)###########....>......
............# #...........
....######..#### ##....#. .. ...#
##....#####.....# ...
#............. .# ####.....<...#
#.(l@.$....# #.......######
#...####... #..# #### ...# #...
#..


You could see an iguana.

Vanquished Creatures
  A wyvern (D:4)
  An ogre (D:3)
  A hound (D:4)
  A worker ant (D:4)
  8 adders
  An ooze (D:1)
  A worm (D:4)
  A dart slug (D:2)
  2 leopard geckos
  2 orcs
  3 giant cockroaches
  2 goblins
  5 hobgoblins
  4 jackals (D:3)
  2 quokkas (D:2)
  4 bats
  4 frilled lizards
  8 kobolds
  A quokka skeleton (D:4)
  38 rats
90 creatures vanquished.

Notes
Turn   | Place    | Note
-------+----------+-------------------------------------------
     0 | D:1      | Eliminator the Minotaur Berserker began the quest for the Orb.
     0 | D:1      | Reached XP level 1. HP: 19/19 MP: 0/0
    45 | D:1      | Reached XP level 2. HP: 24/27 MP: 1/1
   559 | D:1      | Reached XP level 3. HP: 32/34 MP: 2/2
  1018 | D:2      | Reached ** piety under Trog
  1161 | D:2      | Reached XP level 4. HP: 33/41 MP: 3/3
  1337 | D:2      | Reached skill level 5 in Fighting
  1437 | D:2      | Reached skill level 1 in Throwing
  1521 | D:2      | Reached skill level 5 in Axes
  1685 | D:2      | Found a bloodstained altar of Trog.
  1685 | D:2      | Found a glowing golden altar of the Shining One.
  1785 | D:2      | Found a shattered altar of Ashenzari.
  1864 | D:3      | Reached *** piety under Trog
  1897 | D:3      | Noticed an ogre
  1906 | D:3      | Killed an ogre
  1906 | D:3      | Reached XP level 5. HP: 20/48 MP: 4/4
  2158 | D:3      | Found a shimmering altar of Xom.
  2719 | D:4      | Noticed a wyvern
  2727 | D:4      | Killed a wyvern
  2727 | D:4      | Reached XP level 6. HP: 19/57 MP: 5/5
  2848 | D:4      | Slain by an iguana

Skill      XL: |  1  2  3  4  5  6 |
---------------+-------------------+-----
Fighting       | 4 5 6 |  6.4
Axes           | 4 5 6 |  6.4
Throwing       | 1 2 |  2.0
Armour         | 3 |  3.2
Dodging        | |  2.3

Action                   |  1- 3 |  4- 6 || total
-------------------------+-------+-------++-------
Melee: Hand axe          |    90 |   102 ||   192
       Headbutt          |     6 |    10 ||    16
Throw: Stone             |    29 |    21 ||    50
Invok: Berserk           |       |     1 ||     1
 Stab: Sleeping          |     1 |       ||     1
  Eat: Chunk             |     1 |     6 ||     7
Armor: Animal skin       |    22 |     9 ||    31
       Ring mail         |       |    10 ||    10
       Leather armour    |       |     1 ||     1
Dodge: Dodged            |    61 |    63 ||   124
